 Dungeon Crawl Stone Soup version 0.26-a0-1021-gda264ca44c (webtiles) character file.

Game seed: 14893975884916977460

218 lunkers the Grave Robber (level 5, -5/24 HPs)
             Began as a Vine Stalker Necromancer on Dec 9, 2020.
             Slain by Crazy Yiuf
             ... wielding a +2 quarterstaff of chaos
              (9 damage)
             ... on level 2 of the Dungeon.
             The game lasted 00:05:40 (2793 turns).

lunkers the Grave Robber (Vine Stalker Necromancer) Turns: 2793, Time: 00:05:41

Health: -5/24      AC:  2    Str: 10    XL:     5   Next: 95%
Magic:  0/11       EV: 12    Int: 16    God:
Gold:   118        SH:  0    Dex: 15    Spells: 3/11 levels left

rFire    . . .     SeeInvis .   b - +1 short sword
rCold    . . .     Faith    .   (no shield)
rNeg     . . .     Spirit   +   a - +0 robe
rPois    .         Reflect  .   (no helmet)
rElec    .         Harm     .   g - scarf {+Inv}
rCorr    .         Rampage  .   (no gloves)
Will     .....                  (no boots)
Stlth    ++........             l - amulet of inaccuracy (curse)
HPRegen  0.48/turn              i - ring of wizardry
MPRegen  0.12/turn              (no ring)

@: no status effects
A: fangs 2, regeneration 1, magic shield, antimagic bite, no potion heal 3, rot
immunity
a: Evoke Invisibility


You were on level 2 of the Dungeon.
You visited 1 branch of the dungeon, and saw 3 of its levels.

You collected 118 gold pieces.

Inventory:

Hand Weapons
 b - a +1 short sword (weapon)
Armour
 a - a +0 robe (worn)
 g - a scarf of invisibility (worn)
Jewellery
 i - a ring of wizardry (left hand)
 l - a cursed amulet of inaccuracy (around neck)
Potions
 e - 2 potions of magic
 h - a potion of haste {unknown}
 j - 2 potions of flight
 k - a potion of attraction {unknown}


   Skills:
 - Level 1.5 Dodging
 - Level 2.4 Stealth
 + Level 3.8 Spellcasting
 * Level 6.1 Necromancy


You had 3 spell levels left.
You knew the following spells:

 Your Spells              Type           Power        Failure   Level
a - Pain                  Necr           ###.         1%          1
b - Vampiric Draining     Necr           ###.......   1%          3
c - Animate Dead          Necr           ###.......   6%          4

Your spell library contained the following spells:

 Spells                   Type           Power        Failure   Level
 Animate Skeleton         Necr           ###...       1%          1
 Agony                    Necr           ###.....     16%         5


Dungeon Overview and Level Annotations

Branches:
Dungeon (3/15)

Altars:
Zin

Annotations:
D:2 Crazy Yiuf
D:3 Robin


Innate Abilities, Weirdness & Mutations

You have extremely sharp teeth.
Your natural rate of healing is unusually fast.
When hurt, damage is shared between your health and your magic reserves.
Your bite disrupts and absorbs the magic of your enemies.
Potions cannot restore your health.
You are immune to rotting.


Message History

Casting: Pain (safe; 1% risk of failure)
Confirm with . or Enter, or press ? or * to list all spells.
Aiming: Vampiric Draining (safe; 1% risk of failure)
Press: ? - help, Shift-Dir - straight line, f/p - Crazy Yiuf
Aim: Crazy Yiuf, wielding a +2 quarterstaff of chaos and wearing a +1 cloak of stealth (heavily wounded) Crazy Yiuf is almost dead.
You feel life coursing into your body.
* * * LOW MAGIC WARNING * * *
Crazy Yiuf whimpers, "Goldfish forty-two tired!"
Crazy Yiuf hits you with a +2 quarterstaff of chaos!
Ouch! That really hurt!
* * * LOW HITPOINT WARNING * * *
You closely miss Crazy Yiuf.
Crazy Yiuf is almost dead.
Crazy Yiuf closely misses you.
Unknown command.
You barely miss Crazy Yiuf.
Crazy Yiuf is almost dead.
Crazy Yiuf hits you with a +2 quarterstaff of chaos!
You die...

..## #..# ### #..# #
##..## #####....#
......##.# ####...#.#
#<#.#.### #####
♣♣#### ####.#.....##
#)..#♣♣ ♣♣..#.##
..##.##.##..#
#.@g'.♣♣♣♣......#
.....##.###.#
#...#♣..♣.PP....#
....###.###.#
#####♣♣♣.♣.P.#..#
....# #...#.#
♣♣♣♣♣##.## ....#
###..)# #.# ....#
##..####### ##[#
....#
###......#########..#
.).##
#................##
....#
#......###########


You could see Crazy Yiuf.

Vanquished Creatures
  A jelly (D:2)
  Natasha (thrice) (D:2)
  Terence (D:3)
  2 adders (D:2)
  An ooze (D:2)
  A worm (D:2)
  2 dart slugs (D:1)
  A leopard gecko (D:2)
  5 bats
  A giant cockroach (D:1)
  5 hobgoblins
  4 jackals (D:2)
  8 kobolds
  4 quokkas
  5 frilled lizards
  7 goblins
  9 rats
60 creatures vanquished.

Vanquished Creatures (others)
  A fungus (D:2)
  3 plants
4 creatures vanquished.

Grand Total: 64 creatures vanquished

Notes
Turn   | Place    | Note
-------+----------+-------------------------------------------
     0 | D:1      | lunkers the Vine Stalker Necromancer began the quest for
                  | the Orb.
     0 | D:1      | Reached XP level 1. HP: 9/9 MP: 4/4
   382 | D:1      | Reached XP level 2. HP: 12/13 MP: 4/6
   908 | D:1      | Reached XP level 3. HP: 12/16 MP: 4/8
  1204 | D:2      | Noticed Natasha
  1212 | D:2      | Killed Natasha
  1213 | D:2      | Reached skill level 5 in Necromancy
  1417 | D:2      | Gained mutation: Your natural rate of healing is unusually
                  | fast. [Vine Stalker growth]
  1417 | D:2      | Reached XP level 4. HP: 10/21 MP: 0/9
  1880 | D:2      | Reached XP level 5. HP: 21/24 MP: 5/11
  1981 | D:2      | Noticed Natasha
  1986 | D:2      | Killed Natasha
  1993 | D:2      | Noticed Natasha
  2002 | D:2      | Killed Natasha
  2202 | D:2      | Reached skill level 6 in Necromancy
  2295 | D:2      | Found a glowing silver altar of Zin.
  2603 | D:3      | Noticed Terence
  2611 | D:3      | Killed Terence
  2677 | D:3      | Noticed Robin
  2772 | D:2      | Found a runed translucent door.
  2773 | D:2      | Noticed Crazy Yiuf
  2779 | D:2      | Learned a level 3 spell: Vampiric Draining
  2784 | D:2      | Learned a level 4 spell: Animate Dead
  2793 | D:2      | Slain by Crazy Yiuf

Illustrated notes

Levels and vault maps discovered:
D:1:      heliophobic_arrival_battle_scene, layout_rooms, serial_bayou_pond_b
D:2:      layout_rooms, zin_treasury, uniq_natasha, uniq_crazy_yiuf_cottage
D:3:      layout_basic, okawaru_ov_weapons_minmay, overflow_temple_1_default,
          nicolae_qazlal_eye_of_the_storm, gammafunk_ghost_gnarly_gnolls,
          chequers_ecumenical_altar_lobes, minmay_goblin_outpost, uniq_terence,
          uniq_ijyb, uniq_robin

Skill      XL: |  1  2  3  4  5 |
---------------+----------------+-----
Spellcasting   | 3 |  3.8
Necromancy     | 5 6 |  6.1
Dodging        | |  1.5
Stealth        | |  2.4

Action                   |  1- 3 |  4- 6 || total
-------------------------+-------+-------++-------
Melee: Short sword       |     4 |    11 ||    15
       Bite              |       |     4 ||     4
 Cast: Pain              |    47 |    79 ||   126
       Vampiric Draining |       |     1 ||     1
  Use: Scroll            |       |     4 ||     4
Armor: Robe              |       |     4 ||     4
Dodge: Dodged            |     7 |    17 ||    24

Table legend: (Time is in decaauts)
 A = Elapsed time spent in this place.
 B = Non-inter-level travel time spent in this place.
 C = Inter-level travel time spent in this place.
 D = Time resting spent in this place.
 E = Time spent auto-exploring this place.
 F = Levels seen in this place.
 G = Mean time per level.
                   A        B        C        D        E       F      G
               +--------+--------+--------+--------+--------+-----+--------+
         Total |   2794 |   2683 |    111 |    223 |   2053 |   3 |  931.3 |
       Dungeon |   2794 |   2683 |    111 |    223 |   2053 |   3 |  931.3 |
               +--------+--------+--------+--------+--------+-----+--------+

Top non-repeatable levels by time:
     D:2: 1478 daAuts
     D:1: 1148 daAuts
     D:3: 167 daAuts
